 Dungeon Crawl Stone Soup version 0.29.1-15-g9cfb28693d (webtiles) character file.

Game seed: 4269100970864484738

1750 kingsuperguy the Cleaver (level 8, -4/63 HPs)
             Began as a Minotaur Fighter on Mar 10, 2023.
             Was a Believer of Hepliaklqana.
             Slain by a manticore (8 damage)
             ... on level 7 of the Dungeon on Mar 11, 2023.
             The game lasted 00:20:32 (7637 turns).

kingsuperguy the Cleaver (Minotaur Fighter)         Turns: 7637, Time: 00:20:33

Health: -4/63      AC: 23    Str: 23    XL:     8   Next: 78%
Magic:  7/7        EV:  4    Int:  5    God:    Hepliaklqana [**....]
Gold:   418        SH:  5    Dex: 10    Spells: 7/7 levels left

rFire   + . .      SeeInvis .   a - +0 war axe
rCold   . . .      Faith    .   c - +0 buckler
rNeg    . . .      Spirit   .   p - +5 crystal plate armour of the Manifold Stories {+Blink rF+}
rPois   .          Reflect  .   (helmet restricted)
rElec   .          Harm     .   (no cloak)
rCorr   .          Rampage  .   (no gloves)
Will    .....                   (no boots)
Stlth   ..........              (no amulet)
HPRegen 0.20/turn               (no ring)
MPRegen 0.10/turn               (no ring)

@: mighty
A: reduced essence, horns 2, retaliatory headbutt
a: Renounce Religion, Evoke Blink, Ancestor Life: Knight, Ancestor Life:
Battlemage, Ancestor Life: Hexer, Recall Ancestor, Ancestor Identity


You were on level 7 of the Dungeon.
You worshipped Hepliaklqana.
Hepliaklqana was pleased with you.
You visited 2 branches of the dungeon, and saw 8 of its levels.

You collected 418 gold pieces.

Inventory:

Hand Weapons
 a - a +0 war axe (weapon)
Missiles
 w - 2 throwing nets (quivered)
Armour
 b - a +0 scale mail
 c - a +0 buckler (worn)
 p - the +5 crystal plate armour of the Manifold Stories (worn) {+Blink rF+}
   (You acquired it on level 4 of the Dungeon)

   rF:        It protects you from fire.
   +Blink:    It lets you blink.
Magical Staves
 x - a staff of fire
Jewellery
 u - a ring of magical power
Wands
 v - a wand of mindburst (17)
Scrolls
 e - a scroll of fear {unknown}
 f - a scroll of summoning {unknown}
 i - 7 scrolls of identify {unknown}
 k - a scroll of poison {unknown}
 l - a scroll of enchant armour {unknown}
 n - a scroll of enchant weapon {unknown}
 q - 3 scrolls of teleportation
 s - a scroll of fog {unknown}
Potions
 d - 2 potions of might
 g - 2 potions of cancellation
 h - 2 potions of heal wounds {unknown}
 j - 4 potions of haste {unknown}
 m - 4 potions of ambrosia {unknown}
 o - 2 potions of curing {unknown}
 r - 3 potions of flight {unknown}
 t - a potion of mutation {unknown}
 z - a potion of brilliance {unknown}
 A - a potion of invisibility {unknown}


   Skills:
 + Level 6.3 Fighting
 + Level 10.0 Axes
 + Level 7.1 Armour
 + Level 1.6 Dodging
 + Level 0.6 Stealth
 + Level 5.5 Shields


You had 7 spell levels left.
You didn't know any spells.
Your spell library contained the following spells:

 Spells                   Type           Power      Damage    Failure   Level
 Summon Small Mammal      Summ           0%         N/A       100%        1
 Call Imp                 Summ           0%         N/A       100%        2
 Sublimation of Blood     Necr           0%         N/A       100%        2
 Call Canine Familiar     Summ           0%         N/A       100%        3
 Frozen Ramparts          Ice            0%         1d1       100%        3
 Ice Form                 Ice/Tmut       0%         N/A       100%        4
 Petrify                  Tmut/Erth      0%         N/A       100%        4
 Summon Ice Beast         Ice/Summ       0%         N/A       100%        4
 Irradiate                Conj/Tmut      0%         3d11      100%        5
 Summon Hydra             Summ           0%         N/A       100%        7


Dungeon Overview and Level Annotations

Branches:
Dungeon (7/15)             Temple (1/1) D:4

Altars:
Cheibriados
Dithmenos
Elyvilon
Fedhas
Gozag
Hepliaklqana
Kikubaaqudgha
Makhleb
Nemelex Xobeh
Okawaru
Ru
Sif Muna
Uskayaw
Vehumet
Wu Jian
Yredelemnul

Annotations:
D:4 3 runed translucent doors, Smoke131's ghost, amateur DrFE


Innate Abilities, Weirdness & Mutations

Your life essence is reduced to manifest your ancestor. (-10% HP)
You have a pair of horns on your head.
You reflexively headbutt those who attack you in melee.


Message History

The manticore is heavily wounded.
The manticore bites you but does no damage.
The manticore claws you but does no damage. x2
You barely miss the manticore.
The manticore is heavily wounded.
The manticore bites you but does no damage.
The manticore claws you!
The manticore claws you but does no damage.
You barely miss the manticore.
The manticore is heavily wounded.
The manticore bites you but does no damage.
The manticore claws you but does no damage. x2
You barely miss the manticore.
The manticore is heavily wounded.
The manticore bites you.
The manticore claws you but does no damage.
You block the manticore's attack.
You hit the manticore.
The manticore is heavily wounded.
The manticore bites you but does no damage.
The manticore claws you.
The manticore claws you but does no damage.
You hit the manticore.
The manticore is severely wounded.
The manticore bites you. The manticore closely misses you.
The manticore claws you but does no damage.
You hit the manticore but do no damage.
The manticore is severely wounded.
The manticore bites you!
* * * LOW HITPOINT WARNING * * *
The manticore claws you but does no damage. x2
You feel very mighty all of a sudden.
You block the manticore's attack. x2; The manticore claws you.
* * * LOW HITPOINT WARNING * * *
You slash the manticore!
The manticore is almost dead.
The manticore bites you!
* * * LOW HITPOINT WARNING * * *
You block the manticore's attack. The manticore claws you!
You die...

#.#.....# #.#.....#
##.#........
#..#......#.
#######.##........#
....^............#
.>....#.########.#
......#R# ..... #@#
..... #H# ....


ggg #### ##.## #.# #.# ... ... You could see the friendly Sunngifu the ancestor,
a manticore and 3 gnolls.

Vanquished Creatures
  Prince Ribbit (D:6)
  A black bear (D:4)
  An ogre (D:7)
  2 phantoms
  A centaur (D:7)
  A kobold brigand (D:6)
  A gnoll sergeant (D:7)
  3 scorpions (D:6)
  3 jellies
  4 hounds
  2 orc priests
  Jessica (D:2)
  3 iguanas
  3 orc wizards
  Terence (D:2)
  15 adders
  3 gnolls (D:5)
  A shadow imp (D:6)
  4 ufetubi
  2 worms (D:2)
  5 dart slugs
  16 orcs
  6 bats
  7 endoplasms
  6 giant cockroaches
  4 goblins
  9 hobgoblins
  10 jackals (D:1)
  9 kobolds
  4 quokkas
  6 ball pythons
  2 frilled lizards
  6 rats
143 creatures vanquished.

Vanquished Creatures (collateral kills)
  An orc priest (D:5)
  An orc wizard (D:5)
  A gnoll (D:5)
3 creatures vanquished.

Vanquished Creatures (others)
  An ancestor (D:6)
1 creature vanquished.

Grand Total: 147 creatures vanquished

Notes
Turn   | Place    | Note
-------+----------+-------------------------------------------
     0 | D:1      | kingsuperguy the Minotaur Fighter began the quest for the
                  | Orb.
     0 | D:1      | Reached XP level 1. HP: 19/19 MP: 0/0
   134 | D:1      | Reached XP level 2. HP: 27/27 MP: 1/1
   299 | D:1      | Reached XP level 3. HP: 29/33 MP: 2/2
   384 | D:1      | Got the Anthology of Allies
   445 | D:1      | Found a faded altar of an unknown god.
   628 | D:1      | Prayed at the altar of an unknown god.
   628 | D:1      | Became a worshipper of Sif Muna the Loreminder
   628 | D:1      | Reached * piety under Sif Muna
   631 | D:1      | Fell from the grace of Sif Muna
   694 | D:2      | Reached skill level 3 in Axes
   952 | D:2      | Noticed Jessica
   954 | D:2      | Killed Jessica
   955 | D:2      | Reached XP level 4. HP: 39/40 MP: 3/3
   991 | D:2      | Reached skill level 4 in Axes
  1090 | D:2      | Noticed Terence
  1102 | D:2      | Killed Terence
  1244 | D:2      | Reached XP level 5. HP: 46/46 MP: 4/4
  2073 | D:3      | Reached skill level 5 in Axes
  2857 | D:4      | Found a runed translucent gate.
  2857 | D:4      | Found a runed translucent gate.
  2862 | D:4      | Found a runed translucent gate.
  2867 | D:4      | Noticed Smoke131's ghost (amateur DrFE)
  2905 | D:4      | Identified the +8 spear of Cipnuu Yzot {antimagic, rElec
                  | rC+ Int-4}
  2905 | D:4      | Identified the +0 leather armour of Disguise {Dex+2 Slay+2}
  2943 | D:4      | Found a staircase to the Ecumenical Temple.
  2953 | Temple   | Entered the Ecumenical Temple
  3120 | Temple   | Became a worshipper of Hepliaklqana the Forgotten
  3365 | D:4      | Reached XP level 6. HP: 39/53 MP: 5/5
  3559 | D:4      | Reached skill level 1 in Dodging
  3628 | D:4      | Identified a scroll of acquirement
  3628 | D:4      | Acquired the +5 crystal plate armour of the Manifold
                  | Stories {+Blink rF+}
  3639 | D:4      | Reached skill level 6 in Axes
  3639 | D:4      | Reached skill level 5 in Armour
  3639 | D:4      | HP: 4/118 [orc/+0 dagger (2)]
  4873 | D:4      | Reached XP level 7. HP: 56/58 MP: 6/6
  4964 | D:5      | Entered Level 5 of the Dungeon
  4964 | D:5      | Reached * piety under Hepliaklqana
  4976 | D:4      | Reached skill level 5 in Fighting
  5260 | D:5      | Reached skill level 7 in Axes
  5986 | D:6      | Reached skill level 8 in Axes
  6002 | D:6      | Reached skill level 5 in Shields
  6002 | D:6      | Reached XP level 8. HP: 34/62 MP: 7/7
  6528 | D:6      | Reached ** piety under Hepliaklqana
  6798 | D:6      | Noticed Prince Ribbit
  6827 | D:6      | Killed Prince Ribbit
  6828 | D:6      | Reached skill level 9 in Axes
  7005 | D:6      | Was forgiven by Sif Muna
  7619 | D:7      | Noticed a manticore
  7626 | D:7      | Reached skill level 10 in Axes
  7637 | D:7      | Slain by a manticore

Illustrated notes

Levels and vault maps discovered:
D:1:      enne_arrival_octagon_isle, layout_basic,
          nicolae_ecumenical_lake_church, minmay_nonomino_d4
D:2:      kb_forest_paths, layout_loops_ring, uniq_terence, uniq_jessica
D:3:      layout_loops_corners, st_stairs_11, serial_park_tiny_pond,
          chequers_decorated_corner, skrybe_limestone_x
D:4:      minmay_thinvault, layout_layer_cave,
          minmay_temple_entry_drinking_statues, biasface_ghost_orc_armoury
D:5:      layout_rooms
D:6:      layout_basic, uniq_crazy_yiuf_cottage, uniq_prince_ribbit1
D:7:      layout_rooms
Temple:   nicolae_temple_elliptical

Skill      XL: |  1  2  3  4  5  6  7  8 |
---------------+-------------------------+-----
Fighting       | 4 5 6 |  6.3
Shields        | 4 5 |  5.5
Armour         | 4 5 6 7 |  7.1
Axes           | 3 4 5 6 8 10 | 10.0
Dodging        | 1 |  1.6
Stealth        | |  0.6

Action                   |  1- 3 |  4- 6 |  7- 9 || total
-------------------------+-------+-------+-------++-------
Melee: War axe           |    74 |   149 |   139 ||   362
       Headbutt          |     5 |    20 |    23 ||    48
Invok: Renounce Religion |     1 |       |       ||     1
       Recall Ancestor   |       |       |     1 ||     1
       Ancestor Identity |       |       |     1 ||     1
  Use: Potion            |       |     4 |     1 ||     5
       Scroll            |       |     2 |     2 ||     4
Armor: Scale mail        |    31 |    59 |       ||    90
       Crystal plate arm |       |    26 |   179 ||   205
       Skin              |       |    20 |       ||    20
Dodge: Dodged            |    37 |    69 |    36 ||   142
Block: Buckler           |    15 |    31 |    44 ||    90
